 Dungeon Crawl Stone Soup version 0.32-a0-872-g59262bdc9b (webtiles) character file.

Game seed: 6071880085855173644

122 Biggs the Shooter (level 5, -2/38 HPs)
             Began as a Coglin Hunter on Mar 31, 2024.
             Slain by an orc
             ... wielding a +0 mace
              (7 damage)
             ... on level 4 of the Dungeon.
             The game lasted 00:03:29 (1656 turns).

Biggs the Shooter (Coglin Hunter)                   Turns: 1656, Time: 00:03:29

Health: -2/38      AC:  5    Str: 11    XL:     5   Next: 6%
Magic:  5/5        EV: 11    Int:  8    God:
Gold:   204        SH:  0    Dex: 20    Spells: 4/4 levels left

rFire   . . .        a - +2 sling {Akhenaten}
rCold   . . .        d - +0 sling {Bozidara}
rNeg    . . .        c - +0 leather armour
rPois   .            n - +0 helmet
rElec   .            (no cloak)
rCorr   .            (no gloves)
SInv    .            l - +0 pair of boots
Will    .....        (amulet unavailable)
Stlth   ++           (ring unavailable)
HPRegen 0.26/turn    (ring unavailable)
MPRegen 0.09/turn    (no gizmo)

%: no passive effects
@: revved
A: off-hand wielding, slow wielding, warmup strikes, no jewellery
a: Invent Gizmo


You were on level 4 of the Dungeon.
You visited 1 branch of the dungeon, and saw 4 of its levels.

You collected 204 gold pieces.

Inventory:

Hand Weapons
 a - a +2 sling (weapon) {Akhenaten}
 d - a +0 sling (offhand) {Bozidara}
Armour
 c - a +0 leather armour (worn)
 l - a +0 pair of boots (worn)
 n - a +0 helmet (worn)
 q - a +0 hat of willpower
Wands
 p - a wand of polymorph (5)
Scrolls
 b - a scroll of butterflies
 e - 2 scrolls of revelation {unknown}
 f - 2 scrolls of blinking {unknown}
 g - 2 scrolls of identify {unknown}
 i - a scroll of enchant weapon {unknown}
 j - 2 scrolls of amnesia {unknown}
 o - a scroll of torment {unknown}
 s - a scroll of teleportation {unknown}
 t - a scroll of vulnerability {unknown}
Potions
 k - a potion of might {unknown}
 m - a potion of haste {unknown}
 r - a potion of curing {unknown}


   Skills:
 - Level 2.0 Fighting
 + Level 5.6 Ranged Weapons
 - Level 1.7 Dodging
 - Level 0.7 Stealth


You had 4 spell levels left.
You didn't know any spells.
Your spell library contained the following spells:

 Spells                   Type           Power      Damage    Failure   Level
 Call Imp                 Summ           0%         N/A       65%         2
 Sublimation of Blood     Necr           0%         N/A       65%         2
 Summon Hydra             Summ           0%         N/A       100%        7


Dungeon Overview and Level Annotations

Branches:
Dungeon (4/15)
 Temple: D:4-7

Altars:


Innate Abilities, Weirdness & Mutations

You can wield a second weapon in your off-hand.
It takes a long time for you to wield or remove held weapons.
Your first few attacks do less damage.
You cannot equip rings or amulets.


Message History

You shoot a sling bullet.
The sling bullet closely misses the orc wizard.
The sling bullet hits the iguana but does no damage.
The iguana is moderately wounded.
You shoot a sling bullet. The sling bullet hits the orc wizard.
The orc wizard is almost dead.
The orc wizard hits you but does no damage.
The orc hits you but does no damage.
You shoot a sling bullet.
The sling bullet hits the orc wizard but does no damage.
The orc wizard is almost dead.
You shoot a sling bullet. The sling bullet hits the orc wizard.
You kill the orc wizard!
The orc hits you with a +0 mace.
The iguana bites you but does no damage.
The orc hits you with a +0 mace.
You have reached level 5!
You shoot a sling bullet.
The sling bullet closely misses the iguana.
You shoot a sling bullet. The sling bullet hits the iguana.
The iguana is moderately wounded.
The iguana misses you. The orc hits you with a +0 mace.
* * * LOW HITPOINT WARNING * * *
You shoot a sling bullet. The sling bullet hits the iguana.
The iguana is moderately wounded.
You shoot a sling bullet.
The sling bullet hits the iguana but does no damage.
The iguana is moderately wounded.
The iguana bites you.
* * * LOW HITPOINT WARNING * * *
The orc misses you.
You shoot a sling bullet. The sling bullet hits the iguana.
The iguana is severely wounded.
You shoot a sling bullet.
The sling bullet hits the iguana but does no damage.
The iguana is severely wounded.
The iguana bites you.
* * * LOW HITPOINT WARNING * * *
The orc hits you with a +0 mace!
You die...

.#..... ..... ###
...). #.. .... #.#
#..## #.# ... #.#
#l# #.# #@#
#.######o###.#
#.#####.##....S....#
#......<...###.#####
##.###.#.#### #.#
##.#####..# #.#
......##..# #.#
#.##.##..######.#
#.#.............


You could see an iguana, an adder and an orc.

Vanquished Creatures
  A jelly (D:3)
  An orc wizard (D:4)
  An adder (D:3)
  3 dart slugs
  2 orcs
  8 ball pythons
  6 endoplasms
  4 goblins
  6 hobgoblins
  2 quokkas (D:3)
  6 bats
  2 frilled lizards
  5 kobolds
  5 rats
52 creatures vanquished.

Notes
Turn   | Place    | Note
-------+----------+-------------------------------------------
     0 | D:1      | Biggs the Coglin Hunter began the quest for the Orb.
     0 | D:1      | Reached XP level 1. HP: 16/16 MP: 1/1
   117 | D:1      | Reached skill level 4 in Ranged Weapons
   117 | D:1      | Reached XP level 2. HP: 22/22 MP: 2/2
   639 | D:2      | Reached XP level 3. HP: 27/27 MP: 3/3
   860 | D:2      | Found a faded altar of an unknown god.
  1509 | D:3      | Reached skill level 5 in Ranged Weapons
  1509 | D:3      | Reached XP level 4. HP: 33/33 MP: 4/4
  1654 | D:4      | Reached XP level 5. HP: 17/38 MP: 5/5
  1656 | D:4      | Slain by an orc

Illustrated notes

Levels and vault maps discovered:
D:1:      nzn_arrival_water_spiral, layout_basic
D:2:      layout_rooms, ebering_ecumenical_altar_hall, minmay_heptomino_d4
D:3:      layout_rooms, nicolae_houndstooth_variations
D:4:      layout_loops_ring, mainiacjoe_overflow_concentric_impassable,
          mainiacjoe_overflow_24_doors, lemuel_doored_altar,
          mainiacjoe_overflow_boulevard, st_stairs_5, minmay_misc_feat_tower

Skill      XL: |  1  2  3 |
---------------+----------+-----
Ranged Weapons | 4 5 |  5.6
Fighting       | |  2.0
Dodging        | |  1.7
Stealth        | |  0.7

Action                     |  1- 3 |  4- 6 || total
---------------------------+-------+-------++-------
  Melee: Sling             |       |    20 ||    20
   Fire: Sling             |   198 |    34 ||   232
    Use: Potion            |       |     1 ||     1
 Armour: Leather armour    |    18 |    30 ||    48
  Dodge: Dodged            |    14 |    19 ||    33

Table legend: (Time is in decaauts)
 A = Elapsed time spent in this place.
 B = Non-inter-level travel time spent in this place.
 C = Inter-level travel time spent in this place.
 D = Time resting spent in this place.
 E = Time spent auto-exploring this place.
 F = Levels seen in this place.
 G = Mean time per level.
                   A        B        C        D        E       F      G
               +--------+--------+--------+--------+--------+-----+--------+
         Total |   1686 |   1593 |     93 |      0 |   1315 |   4 |  421.5 |
       Dungeon |   1686 |   1593 |     93 |      0 |   1315 |   4 |  421.5 |
               +--------+--------+--------+--------+--------+-----+--------+

Top non-repeatable levels by time:
     D:2: 597 daAuts
     D:1: 541 daAuts
     D:3: 484 daAuts
     D:4: 64 daAuts
